 Dungeon Crawl Stone Soup version 0.25-a0-598-gc9c9e4c (webtiles) character file.

Game seed: 10853733671505612729, levelgen mode: deterministic

18483 Scoots the Blocker (level 12, -11/104 HPs)
             Began as a Hill Orc Fighter on Mar 14, 2020.
             Was a High Priest of Beogh.
             Mangled by a water elemental (29 damage)
             ... on level 1 of the Shoals on Mar 15, 2020.
             The game lasted 01:14:17 (12199 turns).

Scoots the Blocker (Hill Orc Fighter)              Turns: 12199, Time: 01:14:18

Health: -11/104    AC: 20    Str: 26    XL:     12   Next: 59%
Magic:  14/14      EV:  7    Int:  8    God:    Beogh [*****.]
Gold:   869        SH:  0    Dex: 10    Spells: 11/11 levels left

rFire    . . .     SeeInvis +   a - +7 eveningstar (protect)
rCold    . . .     Gourm    .   c - +0 kite shield
rNeg     . . .     Faith    .   p - +1 plate armour
rPois    .         Spirit   .   i - +0 helmet
rElec    .         Reflect  .   t - +0 cloak
rCorr    .         Harm     .   G - +0 pair of gloves
MR       .....                  (no boots)
Stlth    ..........             A - amulet of regeneration
HPRegen  0.67/turn              L - +2 ring of strength
MPRegen  0.14/turn              E - ring of see invisible

@: lethally poisoned (-11 -> -11), sleeping
A: walk on water
a: Smiting, Recall Orcish Followers, Give Item to Named Follower, Renounce
Religion


You were on level 1 of the Shoals.
You worshipped Beogh.
Beogh was extremely pleased with you.
You were not hungry.

You visited 3 branches of the dungeon, and saw 12 of its levels.
You also visited: Sewer and Ossuary.

You collected 869 gold pieces.

Inventory:

Hand Weapons
 a - a +7 eveningstar of protection (weapon)
 b - a +4 short sword
 x - a +2 mace of venom
 M - a +2 glaive of protection
Armour
 c - a +0 kite shield (worn)
 i - a +0 helmet (worn)
 p - a +1 plate armour (worn)
 t - a +0 cloak (worn)
 G - a +0 pair of gloves (worn)
Jewellery
 A - an amulet of regeneration (around neck)
 E - a ring of see invisible (right hand)
 L - a +2 ring of strength (left hand)
Wands
 q - a wand of paralysis (5)
 r - a wand of digging (2)
 C - a wand of polymorph (17)
 D - a wand of iceblast (16)
 O - a wand of flame (16)
Scrolls
 g - a scroll of magic mapping
 j - 5 scrolls of remove curse
 l - 5 scrolls of identify
 m - a scroll of amnesia
 n - 2 scrolls of teleportation
 z - a scroll of fog
 B - a scroll of enchant weapon
 H - 2 scrolls of immolation
 K - a scroll of blinking
Potions
 d - 2 potions of might
 e - 4 potions of brilliance
 h - 4 potions of magic
 k - 3 potions of curing
 o - 3 potions of ambrosia
 s - a potion of lignification
 u - a potion of haste {unknown}
 v - 2 potions of stabbing
 w - 3 potions of heal wounds
 I - a potion of invisibility {unknown}
Miscellaneous
 y - a phial of floods
Comestibles
 f - 14 rations
 F - 2 chunks of flesh


   Skills:
 + Level 9.1 Fighting
   Level 8.0(11.7) Axes
 + Level 11.4(12.1) Maces & Flails
 + Level 11.2 Armour
 + Level 1.8 Dodging
 + Level 2.4 Stealth
 + Level 11.4 Shields
 + Level 2.7 Invocations
 + Level 1.6 Evocations


You had 11 spell levels left.
You didn't know any spells.
Your spell library contained the following spells:

 Spells                   Type           Power        Failure   Level  Hunger
 Animate Skeleton         Necr           N/A          99%         1    ##.....
 Pain                     Necr           #...         99%         1    ##.....
 Vampiric Draining        Necr           #.........   100%        3    ####...
 Animate Dead             Necr           N/A          100%        4    #####..
 Agony                    Necr           #.......     100%        5    ######.


Dungeon Overview and Level Annotations

Branches:
Dungeon (9/15)             Temple (0/1) D:4            Lair (2/6) D:9
 Shoals (1/4) Lair:2       Spider (0/4) Lair:2        Sewer (visited)
Ossuary (visited)
    Orc: D:9-12

Altars:
Makhleb
Trog
Xom
Yredelemnul
The Shining One
Jiyva

Annotations:
Shoals:1 Aizul


Message History

Your lungs strain for air!
Aizul hits you.
* * * LOW HITPOINT WARNING * * *
You block Aizul's attack.
You feel much better.
* * * LOW HITPOINT WARNING * * *
Your lungs strain for air!
You feel sick. You block the water elemental's attack.
Gorg completely misses Aizul.
Worak hits Aizul with a +5 long sword!!
Aizul hits you!
* * * LOW HITPOINT WARNING * * *
You cannot read scrolls while unable to breathe!
You slip free of the water engulfing you.
You gasp with relief as air once again reaches your lungs.
You feel sick. Aizul barely misses you.
You feel sick.
Aizul coils herself and waves her upper body at you.
You fall asleep.
The water elemental hits you!!
You die...

≈..# ...P...###. .≈..## #..
..≈.... .P≈...# #.##.......
PPP≈≈..###.......≈≈.
P.....#.?.)...≈≈≈≈≈
...............≈..≈
####..........(...
#......$.≈....≈
#####.@Soo#...≈...
#..>..≈E..........
######....≈≈≈..≈≈≈.....
##..........≈≈..........
###......≈.....≈..........
!......≈≈.......≈...≈≈..≈##
≈≈.≈≈≈≈....##....≈..≈≈≈....
≈≈≈≈≈≈≈≈...#....≈≈...≈≈...
≈≈≈≈≈≈≈≈≈≈..#...≈≈≈..≈≈


You could see Aizul, a water elemental, the friendly Gorg the orc knight and the
friendly Worak the orc knight.

Vanquished Creatures
  A merfolk aquamancer (Shoals:1)
  Pikel (D:5)
  A harpy (Shoals:1)
  2 manticores (Shoals:1)
  2 black mambas
  3 spiny frogs
  2 komodo dragons (Lair:1)
  8 blink frogs
  2 hippogriffs
  A water elemental (Shoals:1)
  2 hogs (D:9)
  A wyvern (D:9)
  A human (D:9)
  4 yaks (Lair:1)
  Edmund (D:6)
  2 water moccasins (Lair:1)
  Duvessa (D:5)
  A porcupine (Lair:1)
  A sky beast (D:7)
  A black bear (D:8)
  An orc warrior (D:8)
  An ice beast (D:7)
  4 ogres
  A phantom (D:8)
  A necrophage (D:5)
  2 centaurs
  8 big kobolds (Sewer)
  A crocodile (D:9)
  A gnoll sergeant (D:5)
  Dowan (D:5)
  5 bullfrogs
  4 scorpions
  A killer bee (D:9)
  3 wights (D:9)
  A howler monkey (D:9)
  4 crimson imps
  4 centaur zombies (Ossuary)
  2 hounds
  A jelly (Lair:1)
  4 bullfrog skeletons
  An orc priest (D:7)
  An iguana (D:8)
  4 orc wizards
  4 worker ants
  A big kobold zombie (Ossuary)
  An ogre zombie (Ossuary)
  7 mummies (Ossuary)
  A worker ant zombie (D:6)
  10 adders
  4 gnolls
  A river rat (Sewer)
  A shadow imp (D:7)
  4 oozes (Sewer)
  9 adder zombies
  2 adder skeletons (D:4)
  8 worms
  2 dart slugs
  8 leopard geckos
  14 orcs
  2 ball pythons (Sewer)
  14 giant cockroaches
  9 goblins
  8 hobgoblins
  14 jackals
  17 kobolds
  7 quokkas
  10 bats
  6 frilled lizards
  5 goblin zombies (Ossuary)
  A hobgoblin zombie (Ossuary)
  3 kobold zombies (Ossuary)
  7 quokka zombies
  13 rats
  4 rat zombies (Ossuary)
  5 plants (D:3)
296 creatures vanquished.

Vanquished Creatures (collateral kills)
  The ghost of Remcycle the Cleaver, a journeyman DsFi of Qazlal (Lair:1)
  A death ooze (Lair:1)
  2 sea snakes (Shoals:1)
  2 harpies (Shoals:1)
  A manticore (Lair:2)
  5 spiny frogs
  Maggie (D:8)
  4 komodo dragons (Lair:1)
  6 blink frogs
  3 slime creatures (Lair:1)
  A hippogriff (D:8)
  A water elemental (Shoals:1)
  A wyvern (D:9)
  2 basilisks
  A redback (Lair:2)
  5 yaks (Lair:1)
  2 hogs (D:9)
  A steam dragon (Lair:2)
  5 water moccasins
  A swamp drake (D:9)
  An orc warrior (D:9)
  A phantom (D:9)
  An eye of draining (D:9)
  2 ogres (D:9)
  3 crocodiles
  2 big kobolds
  3 bullfrogs
  2 killer bees (D:9)
  2 wights (D:9)
  2 bullfrog zombies
  4 jellies
  An orc priest (D:8)
  An orc wizard (D:8)
  A centaur skeleton (D:9)
  An iguana (D:9)
  A worker ant (D:9)
  A leopard gecko (D:9)
  2 orcs
  A giant cockroach (D:7)
  A jackal (D:9)
  5 kobolds
  A quokka (D:9)
  A fungus (Lair:1)
  3 plants
89 creatures vanquished.

Vanquished Creatures (others)
  An orc knight (Lair:1)
  An orc sorcerer (Lair:1)
  2 orc warriors (Lair:1)
  An orc wizard (D:9)
  A hippogriff (Lair:2)
  A centaur skeleton (D:5)
  4 orcs
  3 gnolls (D:5)
  A giant cockroach (D:5)
  A fungus (Lair:1)
  7 plants
23 creatures vanquished.

Grand Total: 408 creatures vanquished

Notes
Turn   | Place    | Note
-------+----------+-------------------------------------------
     0 | D:1      | Scoots the Hill Orc Fighter began the quest for the Orb.
     0 | D:1      | Reached XP level 1. HP: 19/19 MP: 1/1
   113 | D:1      | Reached XP level 2. HP: 21/27 MP: 2/2
   386 | D:1      | Reached XP level 3. HP: 33/33 MP: 3/3
   869 | D:2      | Reached XP level 4. HP: 36/40 MP: 4/4
  1410 | D:3      | Found a bloodstained altar of Trog.
  1562 | D:3      | Reached XP level 5. HP: 41/46 MP: 5/5
  1763 | D:3      | Reached skill level 5 in Axes
  1774 | D:3      | Found a faded altar of an unknown god.
  1800 | D:3      | Became a worshipper of Beogh the Brigand
  2522 | D:4      | Found a basalt altar of Yredelemnul.
  2522 | D:4      | Found a glowing golden altar of the Shining One.
  2534 | D:4      | Noticed a profane servitor
  2631 | D:4      | Found a staircase to the Ecumenical Temple.
  2642 | D:4      | Reached XP level 6. HP: 39/52 MP: 6/6
  2658 | D:4      | Found a sand-covered staircase.
  2663 | Ossuary  | Entered an ossuary
  2719 | Ossuary  | Reached skill level 5 in Shields
  2766 | Ossuary  | Reached * piety under Beogh
  3127 | Ossuary  | Reached XP level 7. HP: 54/60 MP: 7/7
  3369 | Ossuary  | Reached ** piety under Beogh
  3936 | D:4      | Noticed an angel
  3987 | D:5      | Entered Level 5 of the Dungeon
  3987 | D:5      | Noticed Duvessa
  3987 | D:5      | Noticed Dowan
  3995 | D:5      | Killed Duvessa
  4003 | D:5      | Killed Dowan
  4003 | D:5      | Reached skill level 5 in Fighting
  4003 | D:5      | Reached XP level 8. HP: 58/68 MP: 8/8
  4072 | D:5      | Noticed Pikel
  4122 | D:5      | Found a glowing drain.
  4141 | D:5      | Reached skill level 1 in Maces & Flails
  4146 | Sewer    | Entered a sewer
  4374 | Sewer    | Reached skill level 5 in Armour
  4826 | Sewer    | Reached *** piety under Beogh
  4933 | D:5      | Killed Pikel
  4933 | D:5      | Reached XP level 9. HP: 68/75 MP: 9/9
  4956 | D:5      | Reached skill level 5 in Maces & Flails
  5948 | D:6      | Noticed Edmund
  5963 | D:6      | Killed Edmund
  6753 | D:7      | Got a brightly glowing scimitar
  6754 | D:7      | Identified the +3 scimitar "Orb Guardian's Bane" {vamp, rN+
                  | MP+9} (You found it on level 7 of the Dungeon)
  7092 | D:7      | Found a shimmering altar of Xom.
  7092 | D:7      | Found a shimmering altar of Xom.
  7094 | D:7      | Found a shimmering altar of Xom.
  7095 | D:7      | Found a shimmering altar of Xom.
  7095 | D:7      | Found a shimmering altar of Xom.
  7096 | D:7      | Found a shimmering altar of Xom.
  7097 | D:7      | Found a shimmering altar of Xom.
  7097 | D:7      | Found a shimmering altar of Xom.
  7798 | D:8      | Reached XP level 10. HP: 83/83 MP: 10/10
  7818 | D:8      | Reached skill level 1 in Dodging
  7997 | D:8      | Got an ancient quarterstaff
  8001 | D:8      | Identified the cursed +3 quarterstaff "Xutuli" {flame,
                  | *Contam +Blink MP-9 Dex+10} (You found it on level 8 of the
                  | Dungeon)
  8022 | D:8      | Reached skill level 1 in Stealth
  8102 | D:8      | Noticed Maggie
  8121 | D:8      | Killed Maggie
  8133 | D:8      | Reached skill level 1 in Evocations
  8633 | D:9      | Reached **** piety under Beogh
  8633 | D:9      | Reached skill level 1 in Invocations
  8649 | D:9      | Gained Berold as an ally
  9100 | D:9      | Found a burning altar of Makhleb.
  9121 | D:9      | Found a bloodstained altar of Trog.
  9241 | D:9      | Reached XP level 11. HP: 57/91 MP: 12/12
  9255 | D:9      | Found a staircase to the Lair.
  9709 | Lair:1   | Entered Level 1 of the Lair of Beasts
 10147 | Lair:1   | Reached ***** piety under Beogh
 10185 | Lair:1   | Reached skill level 10 in Shields
 10189 | Lair:1   | Reached skill level 10 in Maces & Flails
 10328 | Lair:1   | Upgraded the game from 0.25-a0-592-g443c2f7 to
                  | 0.25-a0-598-gc9c9e4c
 10719 | Lair:1   | Reached skill level 10 in Armour
 11016 | Lair:1   | Found a runed translucent gate.
 11016 | Lair:1   | Found a runed translucent gate.
 11016 | Lair:1   | Found a runed translucent gate.
 11021 | Lair:1   | Noticed Remcycle's ghost (journeyman DsFi)
 11021 | Lair:1   | Noticed a death ooze
 11024 | Lair:1   | Found a viscous altar of Jiyva.
 11032 | Lair:1   | Killed a death ooze
 11037 | Lair:1   | Your ally Berold died
 11040 | Lair:1   | Gained Gorg as an ally
 11041 | Lair:1   | Gained Worak as an ally
 11042 | Lair:1   | Killed Remcycle's ghost
 11042 | Lair:1   | Reached XP level 12. HP: 67/103 MP: 13/13
 11322 | Lair:2   | Found a hole to the Spider Nest.
 11445 | Lair:2   | Found a staircase to the Shoals.
 11483 | Lair:2   | Identified a scroll of acquirement
 12010 | Shoals:1 | Entered Level 1 of the Shoals
 12176 | Shoals:1 | Noticed a merfolk aquamancer
 12182 | Shoals:1 | Noticed Aizul
 12184 | Shoals:1 | Killed a merfolk aquamancer
 12199 | Shoals:1 | Mangled by a water elemental

Levels and vault maps discovered:
D:1:      lightli_iron_boxes, layout_loops_cross, minmay_box_of_dots
D:2:      layout_loops_ring
D:3:      wad_woods_stonehenge, layout_loops_ring,
          chequers_ecumenical_altar_grove
D:4:      layout_basic, grunt_temple_overflow_holy_war,
          minmay_temple_entry_gardened_gates, first_ration,
          nicolae_ossuary_entry_plus
D:5:      layout_basic, portal_sewer_entry_f, hex_medium, kennysheep_boxes,
          uniq_duvessa, uniq_pikel
D:6:      layout_layer_cave, uniq_edmund
D:7:      layout_basic, xom_shifter_show
D:8:      layout_gridville, uniq_maggie
D:9:      layout_cave_pools, minitemple, erik_lair_dragon, grunt_livestock
Lair:1:   layout_cave_pods, gammafunk_ghost_ooze, beast_lair_carwin_10
Lair:2:   layout_regular_city, minmay_shoals_entry_beasts,
          spider_nest_entry_rubble
Shoals:1: layout_shoals, serial_shops, shop, st_shoals_ruin, uniq_aizul

Skill      XL: |  1  2  3  4  5  6  7  8  9 10 11 12 |
---------------+-------------------------------------+-----
Fighting       | 4 5 6 8 9 |  9.1
Axes           | 3 4 5 6 8 |  8.0
Shields        | 4 5 7 8 9 10 11 | 11.4
Armour         | 4 6 7 9 10 11 | 11.2
Maces & Flails | 4 6 8 10 11 | 11.4
Dodging        | 1 |  1.8
Stealth        | 2 |  2.4
Evocations     | 1 |  1.6
Invocations    | 1 2 |  2.7

Action                   |  1- 3 |  4- 6 |  7- 9 | 10-12 || total
-------------------------+-------+-------+-------+-------++-------
Melee: War axe           |   102 |   399 |    85 |       ||   586
       Mace              |       |       |   398 |   392 ||   790
       Eveningstar       |       |       |       |    49 ||    49
Invok: Convert to Beogh  |       |     1 |       |       ||     1
       Smiting           |       |       |     1 |     2 ||     3
       Recall Orcish Fol |       |       |       |     8 ||     8
       Give Item to Name |       |       |       |     3 ||     3
Evoke: Wand              |       |       |       |     8 ||     8
  Use: Scroll            |       |     9 |     8 |     7 ||    24
       Potion            |       |     5 |     3 |     5 ||    13
 Stab: Confused          |       |       |     1 |     2 ||     3
       Distracted        |       |       |       |     3 ||     3
  Eat: Chunk             |       |     4 |     2 |     6 ||    12
       Ration            |       |     1 |     5 |     2 ||     8
Armor: Scale mail        |    91 |     7 |       |       ||    98
       Plate armour      |       |   218 |   309 |   240 ||   767
Dodge: Dodged            |    57 |    66 |    86 |    96 ||   305
Block: Kite shield       |    74 |   207 |   306 |   283 ||   870

Table legend:
 A = Non-vault XP
 B = Vault XP
 C = Vault XP percentage of total XP
 D = Non-vault monster count
 E = Vault monster count
 F = Vault count percentage of total count
                 A         B        C        D         E       F
            +---------+---------+-------+---------+---------+-------
      Total |   17857 |    8548 |  32.4 |     259 |     118 |  31.3
            +---------+---------+-------+---------+---------+-------
        D:1 |      38 |       8 |  17.4 |      19 |       5 |  20.8
        D:2 |      78 |       0 |   0.0 |      23 |       0 |   0.0
        D:3 |      86 |      43 |  33.3 |      36 |       8 |  18.2
        D:4 |     289 |       0 |   0.0 |      17 |       0 |   0.0
        D:5 |     438 |     964 |  68.8 |      19 |       8 |  29.6
        D:6 |     380 |     171 |  31.0 |       7 |       1 |  12.5
        D:7 |     858 |       0 |   0.0 |      16 |       0 |   0.0
        D:8 |    1148 |     222 |  16.2 |      28 |       1 |   3.4
        D:9 |    1861 |    1431 |  43.5 |      40 |      10 |  20.0
     Lair:1 |    5360 |    3793 |  41.4 |      31 |      17 |  35.4
     Lair:2 |    2930 |     628 |  17.7 |      13 |       3 |  18.8
   Shoals:1 |    4391 |       0 |   0.0 |      10 |       0 |   0.0
      Sewer |       0 |     881 | 100.0 |       0 |      28 | 100.0
    Ossuary |       0 |     407 | 100.0 |       0 |      37 | 100.0
            +---------+---------+-------+---------+---------+-------
